 Dungeon Crawl Stone Soup version 0.31.0-32-g396128a36d (webtiles) character file.

Game seed: 7707639919530936142

23805 CapUranus the Cleaver (level 13, -8/111 HPs)
             Began as a Hill Orc Fighter on Apr 23, 2024.
             Was an Initiate of Gozag.
             Mangled by a sun demon (9 damage)
             ... summoned by an orc sorcerer
             ... on level 2 of the Orcish Mines.
             The game lasted 00:51:08 (16302 turns).

CapUranus the Cleaver (Hill Orc Fighter)           Turns: 16302, Time: 00:51:10

Health: -8/111     AC: 17    Str: 30    XL:     13   Next: 9%
Magic:  13/13      EV: 13    Int: 11    God:    Gozag
Gold:   2205       SH: 18    Dex: 17    Spells: 12/12 levels left

rFire   + . .        X - +5 spear "Hell-Harrower" {flame, *Slow Fly rPois Int+3 Dex+2}
rCold   x . .        K - +0 kite shield
rNeg    . . .        u - +3 ring mail of the Saviour {rElec rC- Dex+5}
rPois   +            I - +1 helmet
rElec   +            Q - +2 cloak {rPois}
rCorr   .            (no gloves)
SInv    .            D - +0 pair of boots
Will    +....        A - amulet of reflection
Stlth   ++           H - ring of willpower
HPRegen 0.38/turn    T - +6 ring of strength
MPRegen 0.13/turn

%: slow self (1%), reflection
@: flying, slowed, very slow
A: fire resistance 1
a: Renounce Religion, Convert to Beogh, Potion Petition, Call Merchant, Bribe
Branch


You were on level 2 of the Orcish Mines.
You worshipped Gozag.
Gozag was most pleased with you.
You visited 3 branches of the dungeon, and saw 14 of its levels.
You also visited: Bailey.

You collected 3281 gold pieces.
You spent 915 gold pieces at shops.
You paid 161 gold pieces to Gozag.

Inventory:

Hand Weapons
 a - a +0 war axe
 G - the +7 quarterstaff "Transmigrator" {pain, Dex+6}
   (You found it on level 5 of the Dungeon)

   Dex+6:     It affects your dexterity (+6).
 U - a +5 rapier of venom
 X - the +5 spear "Hell-Harrower" (weapon) {flame, *Slow Fly rPois Int+3 Dex+2}
   (You bought it in a shop on level 5 of the Dungeon)

   Int+3:     It affects your intelligence (+3).
   Dex+2:     It affects your dexterity (+2).
   rPois:     It protects you from poison Fly: It grants you flight.
   *Slow:     It may slow you when you take damage.
Armour
 g - a +1 scale mail of willpower
 u - the +3 ring mail of the Saviour (worn) {rElec rC- Dex+5}
   (You took it off a goblin on level 2 of the Dungeon)

   Dex+5:     It affects your dexterity (+5).
   rC-:       It makes you vulnerable to cold.
   rElec:     It insulates you from electricity.
 y - a +8 chain mail of ponderousness
 D - a +0 pair of boots (worn)
 I - a +1 helmet (worn)
 K - a +0 kite shield (worn)
 Q - a +2 cloak of poison resistance (worn)
 Z - a +1 hat of willpower
Jewellery
 t - an amulet of magic regeneration
 A - an amulet of reflection (around neck)
 H - a ring of willpower (left hand)
 T - a +6 ring of strength (right hand)
Wands
 c - a wand of mindburst (14)
 l - a wand of paralysis (20)
 w - a wand of flame (31)
 E - a wand of roots (11)
 M - a wand of digging (7)
Scrolls
 e - a scroll of fear {unknown}
 h - 3 scrolls of fog {unknown}
 j - 2 scrolls of noise {unknown}
 k - 4 scrolls of amnesia
 m - 2 scrolls of immolation {unknown}
 n - 3 scrolls of identify
 o - 6 scrolls of teleportation
 p - a scroll of enchant armour {unknown}
 x - a scroll of vulnerability {unknown}
 B - 4 scrolls of poison {unknown}
 C - a scroll of silence {unknown}
 J - a scroll of summoning {unknown}
 L - 2 scrolls of enchant weapon {unknown}
 P - 2 scrolls of revelation {unknown}
 S - a scroll of acquirement {unknown}
 W - a scroll of blinking {unknown}
 Y - a scroll of brand weapon {unknown}
Potions
 b - 5 potions of mutation
 d - 5 potions of might
 f - a potion of haste {unknown}
 i - a potion of berserk rage {unknown}
 q - a potion of enlightenment {unknown}
 r - 2 potions of curing
 s - 2 potions of ambrosia
 v - 2 potions of attraction
 z - 2 potions of brilliance
 F - 2 potions of heal wounds
 N - 2 potions of invisibility {unknown}
 O - 2 potions of resistance {unknown}
 R - a potion of degeneration {unknown}
 V - 2 potions of magic {unknown}


   Skills:
 + Level 9.5 Fighting
 + Level 13.9(15.4) Axes
 + Level 9.1(11.8) Polearms
 + Level 9.1 Armour
 + Level 4.8 Dodging
 + Level 2.4 Stealth
 + Level 13.2 Shields
 + Level 0.4 Evocations


You had 12 spell levels left.
You didn't know any spells.
Your spell library contained the following spells:

 Spells                   Type           Power      Damage    Failure   Level
 Mercury Vapours          Alch/Air       0%         N/A       71%         2
 Fugue of the Fallen      Necr           0%         N/A       90%         3
 Mephitic Cloud           Conj/Alch/Air  0%         N/A       90%         3
 Ozocubu's Armour         Ice            0%         N/A       90%         3
 Tukima's Dance           Hex            0%         N/A       90%         3
 Dimensional Bullseye     Hex/Tloc       0%         N/A       100%        4
 Iskenderun's Mystic Bla  Conj/Tloc      0%         2d3       100%        4
 Manifold Assault         Tloc           0%         N/A       100%        4
 Passage of Golubria      Tloc           0%         N/A       100%        4
 Freezing Cloud           Conj/Ice/Air   0%         6-21      100%        5
 Yara's Violent Unravell  Hex/Alch       0%         3d3       100%        5
 Sculpt Simulacrum        Ice/Alch       0%         N/A       100%        6
 Ozocubu's Refrigeration  Ice            0%         4d7       100%        7
 Polar Vortex             Ice            0%         N/A       100%        9


Dungeon Overview and Level Annotations

Branches:
Dungeon (11/15)            Temple (1/1) D:7            Lair (0/5) D:9
    Orc (2/2) D:9             Elf (0/3) Orc:2        Bailey (visited)

Altars:
Ashenzari
Cheibriados
Dithmenos
Elyvilon
Fedhas
Gozag
Hepliaklqana
Kikubaaqudgha
Makhleb
Nemelex Xobeh
Okawaru
Qazlal
Ru
Sif Muna
Trog
Uskayaw
Vehumet
Wu Jian
Xom
Yredelemnul
Zin
The Shining One
Lugonu

Shops:
D:2 *   D:4 *   D:5 =(=[?

Annotations:
D:10 2 transporters


Innate Abilities, Weirdness & Mutations

Your flesh is heat resistant. (rF+)


Message History

The sixfirhy hits you. The sixfirhy shocks you. You resist.
The hellwing hits you.
The hellwing hits you but does no damage.
The sun demon hits you but does no damage.
The orc sorcerer hits you with a +0 dagger.
The orc priest invokes the aid of Beogh against you.
Beogh smites you!
The orc high priest hits you with a +0 battleaxe!
* * * LOW HITPOINT WARNING * * *
The kobold blastminer shoots an arrow.
The arrow hits you.
* * * LOW HITPOINT WARNING * * *
The sixfirhy hits you but does no damage.
The orc high priest threatens, "By the altar or by the axe, you will meet Beogh!"
You can move again.
You block the sixfirhy's attack. x3
The sixfirhy hits you but does no damage.
The sun demon hits you!
* * * LOW HITPOINT WARNING * * *
You are engulfed in flames!
You resist.
* * * LOW HITPOINT WARNING * * *
The hellwing barely misses you.
The hellwing hits you but does no damage.
The orc sorcerer closely misses you.
The orc high priest threatens, "By the altar or by the axe, you will meet Beogh!"
The orc high priest hits you with a +0 battleaxe!
* * * LOW HITPOINT WARNING * * *
The sun demon hits you but does no damage.
The hellwing hits you but does no damage.
The hellwing hits you.
* * * LOW HITPOINT WARNING * * *
There is a stone staircase leading up, spattered with blood here.
The orc sorcerer barely misses you. You block the orc high priest's attack.
You block the sun demon's attack. You block the orc high priest's attack.
The hellwing hits you.
* * * LOW HITPOINT WARNING * * *
The hellwing barely misses you.
The orc sorcerer hits you but does no damage.
The sun demon hits you!
You die...
Your body crumbles into a pile of gold.

##.####....#.#................
#...#.##....#.................
#..........#.#................
##..#.........................
##.#..........#..............
###.......).)..................
##.#.............().............
#.........#.[)..[[..............
##........#..)3@4..........>....
##.............o3o...............
#..^...........33o......#........
##.(..........K.o......#.........
#..................#.#...........
....#...............#...........#
.######........)....##...........
## #..............#...#......# #
#.......))....#...#........


You could see 2 soul eaters, 2 orc high priests, a sun demon (summoned), a
hellwing (summoned), a kobold blastminer, a sixfirhy (summoned), an orc sorcerer
and an orc priest.

Vanquished Creatures
  An orc warlord (D:9)
  4 two-headed ogres
  Urug (Orc:2)
  4 orc knights
  An ugly thing (D:11)
  An orc sorcerer (D:9)
  Joseph (D:8)
  2 cyclopes
  Maurice (D:7)
  5 kobold blastminers (Orc:2)
  Jeremiah (D:7)
  An unseen horror (D:10)
  A tengu conjurer (D:10)
  6 trolls
  A hornet (D:8)
  Grinder (D:6)
  A shadow (D:10)
  2 wyverns
  6 spriggans
  21 yaks
  3 vampire mosquitoes (D:10)
  5 wargs
  4 steam dragons
  2 acid dragons
  Duvessa (D:5)
  A water moccasin (D:7)
  15 orc warriors
  3 ice beasts
  A black bear (D:7)
  7 ogres
  2 wolves (D:9)
  A centaur (D:7)
  A phantom (D:3)
  2 kobold brigands
  A bullfrog (D:9)
  2 gnoll sergeants (D:7)
  A scorpion (D:6)
  5 wights (D:9)
  Dowan (D:5)
  3 killer bees
  3 howler monkeys
  5 electric eels (D:10)
  A bombardier beetle (D:4)
  8 hounds
  4 gnoll boudas
  5 jellies
  15 orc priests
  2 iguanas
  Ijyb (D:3)
  20 orc wizards
  6 adders
  24 gnolls
  A shadow imp (D:6)
  3 white imps
  2 ufetubi (D:5)
  A ribbon worm (D:2)
  A dart slug (D:1)
  48 orcs
  7 endoplasms
  10 goblins
  8 hobgoblins
  4 jackals (D:7)
  2 quokkas
  A training dummy (D:5)
  6 ball pythons
  8 bats
  2 frilled lizards
  14 kobolds
  4 rats
339 creatures vanquished.

Vanquished Creatures (others)
  An orc wizard (Orc:1)
  An orc (Orc:1)
2 creatures vanquished.

Grand Total: 341 creatures vanquished

Notes
Turn   | Place    | Note
-------+----------+-------------------------------------------
     0 | D:1      | CapUranus the Hill Orc Fighter began the quest for the Orb.
     0 | D:1      | Reached XP level 1. HP: 19/19 MP: 1/1
   250 | D:1      | Reached XP level 2. HP: 27/27 MP: 2/2
   599 | D:2      | Found Xyrouf's Assorted Antiques.
   616 | D:2      | Reached XP level 3. HP: 33/33 MP: 3/3
  1052 | D:2      | Reached XP level 4. HP: 38/40 MP: 4/4
  1053 | D:2      | Identified the +3 ring mail of the Saviour {rElec rC-
                  | Dex+5}
  1191 | D:3      | Noticed Ijyb
  1192 | D:3      | Noticed a phantom
  1218 | D:3      | Killed a phantom
  1219 | D:3      | Reached skill level 1 in Dodging
  1219 | D:3      | Reached XP level 5. HP: 27/46 MP: 5/5
  1233 | D:3      | Killed Ijyb
  1675 | D:3      | Found an ancient bone altar of Kikubaaqudgha.
  2078 | D:4      | Reached XP level 6. HP: 46/53 MP: 6/6
  2112 | D:4      | Reached skill level 5 in Axes
  2228 | D:4      | Found Muothi's General Store.
  2350 | D:4      | Reached skill level 5 in Armour
  2794 | D:5      | Entered Level 5 of the Dungeon
  2827 | D:5      | Reached XP level 7. HP: 48/60 MP: 7/7
  2852 | D:5      | Identified the +7 quarterstaff "Transmigrator" {pain,
                  | Dex+6}
  2987 | D:5      | Found Gyosit's Jewellery Boutique.
  2987 | D:5      | Found Ethroxtu's Jewellery Shop.
  3225 | D:5      | Found Sefolu Ihim's Magic Scroll Shop.
  3228 | D:5      | Found Daonanox's Weapon Shoppe.
  3228 | D:5      | Found Xawotume's Antique Armour Emporium.
  3272 | D:5      | Reached skill level 5 in Fighting
  3272 | D:5      | Reached skill level 5 in Shields
  3530 | D:5      | Noticed Duvessa
  3530 | D:5      | Noticed Dowan
  3539 | D:5      | Killed Duvessa
  3553 | D:5      | Killed Dowan
  3803 | D:6      | Reached XP level 8. HP: 68/68 MP: 8/8
  3821 | D:6      | Noticed Grinder
  3839 | D:6      | Paralysed by Grinder for 5 turns
  3862 | D:6      | Killed Grinder
  4350 | D:7      | Reached XP level 9. HP: 73/75 MP: 9/9
  4354 | D:7      | Reached skill level 10 in Axes
  4806 | D:7      | Found a staircase to the Ecumenical Temple.
  4815 | Temple   | Entered the Ecumenical Temple
  4825 | Temple   | Became a worshipper of Gozag Ym Sagoz the Greedy
  5051 | D:7      | Noticed Maurice
  5102 | D:7      | Something stole the +7 quarterstaff "Transmigrator" {pain,
                  | Dex+6}
  5113 | D:7      | Killed Maurice
  5154 | D:7      | Noticed Jeremiah
  6281 | D:7      | Killed Jeremiah
  6282 | D:7      | Reached skill level 1 in Stealth
  6536 | D:8      | Noticed Joseph
  6557 | D:8      | Reached XP level 10. HP: 34/78 MP: 10/10
  6581 | D:8      | Killed Joseph
  6902 | D:5      | Bought an embroidered cloak for 262 gold pieces
  7708 | D:9      | Found a staircase to the Lair.
  7968 | D:9      | Found a staircase to the Orcish Mines.
  8037 | D:9      | Found a flagged portal.
  8052 | Bailey   | Entered a bailey
  8209 | Bailey   | Noticed a two-headed ogre
  8231 | Bailey   | HP: 4/86 [two-headed ogre/+0 halberd (7)]
  8232 | Bailey   | Killed a two-headed ogre
  9156 | D:9      | Reached XP level 11. HP: 92/92 MP: 11/11
  9169 | D:9      | Reached skill level 10 in Shields
  9621 | D:5      | Bought the +5 spear "Hell-Harrower" {flame, *Slow Fly rPois
                  | Int+3 Dex+2} for 583 gold pieces
  9641 | D:5      | Bought a scroll of identify for 20 gold pieces
  9641 | D:5      | Bought a scroll of identify for 20 gold pieces
  9641 | D:5      | Bought a scroll of teleportation for 30 gold pieces
  9738 | D:10     | Entered Level 10 of the Dungeon
 10441 | D:10     | Reached skill level 1 in Polearms
 10935 | D:10     | Reached skill level 5 in Polearms
 11118 | D:10     | Noticed a cyan ugly thing
 11120 | D:10     | Found a transporter.
 11121 | D:10     | Found a corrupted altar of Lugonu.
 11122 | D:10     | Noticed a white ugly thing
 11199 | D:10     | Found a transporter.
 11205 | D:10     | Noticed an entropy weaver
 11211 | D:10     | an entropy weaver changed into a wyvern
 11568 | D:11     | Noticed a two-headed ogre
 11580 | D:11     | Killed a two-headed ogre
 11718 | D:11     | Noticed a two-headed ogre
 11724 | D:11     | Killed a two-headed ogre
 11725 | D:11     | Reached XP level 12. HP: 91/103 MP: 12/12
 12362 | Orc:1    | Entered Level 1 of the Orcish Mines
 12362 | Orc:1    | Noticed an orc warlord
 12716 | D:9      | Killed an orc warlord
 12905 | D:9      | Paralysed by an orc sorcerer for 2 turns
 13906 | Orc:2    | Entered Level 2 of the Orcish Mines
 15458 | Orc:2    | Noticed an orc high priest
 15466 | Orc:2    | Noticed a two-headed ogre
 15493 | Orc:2    | Killed a two-headed ogre
 15494 | Orc:2    | Reached XP level 13. HP: 99/111 MP: 13/13
 15533 | Orc:2    | Found a staircase to the Elven Halls.
 15644 | Orc:2    | Noticed Urug
 15664 | Orc:2    | Killed Urug
 15875 | Orc:2    | Gained mutation: Your flesh is heat resistant. (rF+) [a
                  | neqoxec]
 16296 | Orc:2    | Paralysed by an orc sorcerer for 4 turns
 16301 | Orc:2    | HP: 4/111 [orc high priest/+0 battleaxe (8)]
 16302 | Orc:2    | HP: 1/111 [hellwing[an orc high priest] (2)]
 16302 | Orc:2    | Mangled by a sun demon

Illustrated notes

Levels and vault maps discovered:
D:1:      lightli_arrival_statuegarden, layout_rooms
D:2:      layout_loops_ring, serial_shops, shop
D:3:      layout_basic, lemuel_doored_altar, st_stairs_9, columned_hall_lemuel,
          nrook_uturn, kennysheep_generic_room_16, uniq_ijyb
D:4:      nicolae_cairo_tiling_very_big, layout_gridville,
          kennysheep_small_circle
D:5:      dreamdust_elfheim, layout_loops_ring, hangedman_abyss_or_decor_passed,
          nicolae_shop_national_dungeon_mall
D:6:      layout_rooms, uniq_grinder
D:7:      hellmonk_ruined_rings, layout_cave_pools, minmay_temple_entry_mist,
          serial_gnoll_camp, gnoll_camp_mini_doghouse, gnoll_camp_medium_01,
          gnoll_camp_mini_sergeant, gnoll_camp_mini_basic, uniq_jeremiah,
          uniq_maurice
D:8:      layout_basic, uniq_joseph
D:9:      layout_basic, erik_lair_orcish_takeover, orc_0_dummy, enter_bailey_3
D:10:     gammafunk_corrupted_shrine, layout_basic, the_hattery
D:11:     layout_basic
Temple:   nicolae_temple_the_god_donut
Orc:1:    layout_caves
Orc:2:    grunt_orc_tribal_feast, layout_caves, uniq_urug

Skill      XL: |  1  2  3  4  5  6  7  8  9 10 11 12 13 |
---------------+----------------------------------------+-----
Fighting       | 4 5 6 7 8 9 |  9.5
Shields        | 4 5 6 7 9 11 13 | 13.2
Axes           | 3 4 6 7 9 11 13 | 13.9
Armour         | 4 5 6 7 8 9 |  9.1
Dodging        | 1 2 3 4 |  4.8
Stealth        | 1 2 |  2.4
Polearms       | 5 8 9 |  9.1
Evocations     | |  0.4

Action                     |  1- 3 |  4- 6 |  7- 9 | 10-12 | 13-15 || total
---------------------------+-------+-------+-------+-------+-------++-------
  Melee: War axe           |    62 |   132 |   424 |   296 |       ||   914
         Spear             |       |       |       |   687 |    54 ||   741
  Evoke: Wand              |       |       |     4 |       |       ||     4
    Use: Scroll            |       |       |       |     7 |       ||     7
         Potion            |       |       |       |     2 |       ||     2
   Stab: Paralysed         |       |       |     4 |       |       ||     4
         Distracted        |       |       |       |     2 |     1 ||     3
         Sleeping          |       |       |       |     1 |       ||     1
 Armour: Scale mail        |    47 |     2 |       |       |       ||    49
         Ring mail         |       |    25 |       |   337 |    51 ||   413
         Chain mail        |       |    70 |   224 |   160 |       ||   454
  Dodge: Dodged            |    38 |    56 |    83 |   209 |    14 ||   400
  Block: Buckler           |    21 |    69 |    50 |       |       ||   140
         Reflection        |       |     4 |    16 |    42 |     5 ||    67
         Kite shield       |       |       |   243 |   765 |    50 ||  1058
